 Dungeon Crawl Stone Soup version 0.30-a0-1043-g60ff8d5f49 (webtiles) character file.

Game seed: 4114421930599605050

9 Arcadio the Sneak (level 2, -3/19 HPs)
             Began as a Kobold Delver on Apr 9, 2023.
             Slain by an orc
             ... wielding a +0 hand axe
              (5 damage)
             ... on level 3 of the Dungeon.
             The game lasted 00:00:51 (338 turns).

Arcadio the Sneak (Kobold Delver)                    Turns: 338, Time: 00:00:51

Health: -3/19      AC:  3    Str:  9    XL:     2   Next: 20%
Magic:  2/2        EV: 14    Int: 11    God:
Gold:   66         SH:  0    Dex: 16    Spells: 1/1 levels left

rFire   . . .      SeeInvis .    a - +0 short sword
rCold   . . .      Faith    .    (no shield)
rNeg    . . .      Spirit   .    b - +0 leather armour
rPois   .          Reflect  .    (no helmet)
rElec   .          Rampage  .    (no cloak)
rCorr   .                        (no gloves)
Will    .....                    (no boots)
Stlth   ++++                     (no amulet)
HPRegen 0.23/turn                (no ring)
MPRegen 0.08/turn                (no ring)

@: no status effects
A: small, no large weapons, nightstalker 3
a: no special abilities


You were on level 3 of the Dungeon.
You visited 1 branch of the dungeon, and saw 3 of its levels.

You collected 66 gold pieces.

Inventory:

Hand Weapons
 a - a +0 short sword (weapon)
Armour
 b - a +0 leather armour (worn)
Wands
 g - a wand of digging (3)
Scrolls
 c - a scroll of fog
 d - 2 scrolls of magic mapping
 e - a scroll of fear
 j - a scroll of amnesia {unknown}
 l - a scroll of enchant weapon {unknown}
Potions
 f - a potion of haste
 h - a potion of might {unknown}
 i - a potion of flight {unknown}
 k - a potion of heal wounds {unknown}


   Skills:
 + Level 3.5 Fighting
 + Level 3.1 Short Blades
 + Level 2.8 Dodging
 - Level 6.6 Stealth


You had one spell level left.
You didn't know any spells.
Your spell library was empty.

Dungeon Overview and Level Annotations

Branches:
Dungeon (5/15) Zot: 17665
 Temple: D:4-7

Altars:
Ru
Vehumet


Innate Abilities, Weirdness & Mutations

You are small and have problems with some larger weapons.
You are completely attuned to the shadows.


Message History

An orc comes into view. It is wielding a +0 club.
You hit the orc.
The orc is almost dead.
The orc closely misses you.
You closely miss the orc.
The orc is almost dead.
You hit the orc.
You kill the orc!
Your Short Blades skill increases to level 3!
You have reached level 2!
You hit the orc but do no damage.
The orc is heavily wounded.
The orc completely misses you.
You hit the orc but do no damage.
The orc is heavily wounded.
The orc closely misses you.
You hit the orc but do no damage.
The orc is heavily wounded.
The orc closely misses you.
You hit the orc but do no damage.
The orc is heavily wounded.
The orc closely misses you.
You hit the orc but do no damage.
The orc is heavily wounded.
The orc hits you with a +0 whip.
You hit the orc.
You kill the orc!
The orc barely misses you. The orc hits you with a +0 club.
* * * LOW HITPOINT WARNING * * *
Items here: )) [[ †.
You hit the orc but do no damage. The orc closely misses you.
You closely miss the orc. You punch the orc, but do no damage.
The orc misses you.
You closely miss the orc. The orc misses you.
You barely miss the orc. The orc hits you with a +0 hand axe.
* * * LOW HITPOINT WARNING * * *
You hit the orc.
The orc is heavily wounded.
The orc hits you with a +0 hand axe.
You die...

#..#.#
##.#...
##.#
#..#..
#.#
##.#.#
#.#
#....
#†#
##...
#.#
##..
#.# #..
#.# #..
#@# ..
#o#
#o..#
##..#
###


You could see 2 orcs.

Vanquished Creatures
  2 orcs (D:3)
  A kobold (D:3)
  A ball python (D:3)
  A bat (D:3)
  2 frilled lizards (D:3)
  A rat (D:3)
8 creatures vanquished.

Notes
Turn   | Place    | Note
-------+----------+-------------------------------------------
     0 | D:5      | Arcadio the Kobold Delver began the quest for the Orb.
     0 | D:5      | Reached XP level 1. HP: 14/14 MP: 1/1
    13 | D:5      | Noticed a jelly
    26 | D:4      | Noticed a sleepcap
   138 | D:3      | Found a sacrificial altar of Ru.
   138 | D:3      | Found a radiant altar of Vehumet.
   326 | D:3      | Reached XP level 2. HP: 6/19 MP: 2/2
   338 | D:3      | Slain by an orc

Illustrated notes

Levels and vault maps discovered:
D:3:      layout_rooms, nicolae_overflow_two_pavilions, hellmonk_no_cap,
          uniq_sigmund
D:4:      layout_loops_ring, mainiacjoe_overflow_surrounded_room,
          minmay_pentomino_pile
D:5:      layout_basic, kennysheep_mini

Skill      XL: |  1 |
---------------+----+-----
Short Blades   | 3 |  3.1
Fighting       | |  3.5
Dodging        | |  2.8
Stealth        | |  6.6

Action                     || total
---------------------------++-------
  Melee: Short sword       ||    30
         Punch             ||     1
   Stab: Sleeping          ||     2
 Armour: Leather armour    ||     1
  Dodge: Dodged            ||    19

Table legend: (Time is in decaauts)
 A = Elapsed time spent in this place.
 B = Non-inter-level travel time spent in this place.
 C = Inter-level travel time spent in this place.
 D = Time resting spent in this place.
 E = Time spent auto-exploring this place.
 F = Levels seen in this place.
 G = Mean time per level.
                   A        B        C        D        E       F      G
               +--------+--------+--------+--------+--------+-----+--------+
         Total |    333 |    333 |      0 |      0 |    221 |   3 |  111.0 |
       Dungeon |    333 |    333 |      0 |      0 |    221 |   3 |  111.0 |
               +--------+--------+--------+--------+--------+-----+--------+

Top non-repeatable levels by time:
     D:3: 296 daAuts
     D:5: 19 daAuts
     D:4: 18 daAuts
